 Dungeon Crawl Stone Soup version 0.29.1-14-g9c671dbff4 (webtiles) character file.

Game seed: 3200845100388375055

275 BeingJoeMalik the Conjurer (level 6, 0/32 HPs)
             Began as a Tengu Hedge Wizard on Feb 12, 2023.
             Killed from afar by a dart slug (5 damage)
             ... with a slug dart
             ... on level 4 of the Dungeon.
             The game lasted 00:10:12 (3854 turns).

BeingJoeMalik the Conjurer (Tengu Hedge Wizard)     Turns: 3854, Time: 00:10:12

Health: 0/32       AC:  3    Str: 10    XL:     6   Next: 25%
Magic:  5/20       EV: 14    Int: 17    God:
Gold:   166        SH:  0    Dex: 13    Spells: 1/11 levels left

rFire   . . .      SeeInvis .   a - +0 dagger
rCold   . . .      Faith    .   (no shield)
rNeg    . . .      Spirit   .   b - +0 robe
rPois   .          Reflect  .   c - +1 hat
rElec   .          Harm     .   (no cloak)
rCorr   .          Rampage  .   (no gloves)
Will    .....                   (boots unavailable)
Stlth   ++........              (no amulet)
HPRegen 0.10/turn               h - ring of magical power
MPRegen 0.17/turn               (no ring)

@: flying quickly and evasively, quick
A: beak, talons 3, nimble flight
a: no special abilities


You were on level 4 of the Dungeon.
You visited 1 branch of the dungeon, and saw 4 of its levels.

You collected 166 gold pieces.

Inventory:

Hand Weapons
 a - a +0 dagger (weapon)
Missiles
 e - 9 poisoned darts (quivered)
Armour
 b - a +0 robe (worn)
 c - a +1 hat (worn)
 j - the +0 leather armour "Ujuginek" {Str+5 Dex-3}
   (You found it on level 3 of the Dungeon)

   Str:       It affects your strength (+5).
   Dex:       It affects your dexterity (-3).
Jewellery
 h - a ring of magical power (left hand)
Scrolls
 g - a scroll of amnesia
 k - 3 scrolls of fear
 l - a scroll of teleportation
Potions
 d - 2 potions of degeneration
 f - a potion of attraction
 i - a potion of ambrosia
 n - a potion of mutation {unknown}
 p - a potion of berserk rage {unknown}


   Skills:
 - Level 2.1 Dodging
 - Level 2.0 Stealth
 - Level 3.0 Spellcasting
 + Level 5.6 Conjurations
 + Level 5.2 Summonings
 - Level 0.7 Translocations


You had one spell level left.
You knew the following spells:

 Your Spells              Type           Power      Damage    Failure   Level
a - Magic Dart            Conj           84%        1d7       1%          1
b - Summon Small Mammal   Summ           80%        N/A       1%          1
c - Call Imp              Summ           20%        N/A       3%          2
d - Call Canine Familiar  Summ           20%        N/A       6%          3
e - Mephitic Cloud        Conj/Pois/Air  8%         N/A       24%         3

Your spell library contained the following spells:

 Spells                   Type           Power      Damage    Failure   Level
 Slow                     Hex            8%         N/A       17%         1
 Static Discharge         Conj/Air       12%        3-5/arc   9%          2
 Conjure Flame            Conj/Fire      12%        6-21      17%         3
 Summon Guardian Golem    Hex/Summ       11%        N/A       19%         3
 Blink                    Tloc           10%        N/A       21%         2
 Lightning Bolt           Conj/Air       6%         1d18      83%         5
 Conjure Ball Lightning   Conj/Air       6%         3x3d6     100%        6
 Discord                  Hex            1%         N/A       100%        8
 Disjunction              Tloc           2%         N/A       100%        8
 Maxwell's Capacitive Co  Air            1%         ∞         100%        8


Dungeon Overview and Level Annotations

Branches:
Dungeon (4/15)
 Temple: D:4-7

Altars:
Qazlal


Innate Abilities, Weirdness & Mutations

You have a beak for a mouth.
You have claws for feet.
Your magical nature lets you fly swiftly and evasively.


Message History

Confirm with . or Enter, or press ? or * to list all spells.
Aiming: Magic Dart (safe; 1% risk of failure)
Press: ? - help, Shift-Dir - straight line, f/p - orc
Aim: an orc, wielding a +0 hand axe, wearing a +0 chain mail and quivering stones (heavily wounded, not watching you, ally target, 100% to hit)
The magic dart hits the orc but does no damage.
The orc is heavily wounded.
The orc hits you with a +0 hand axe.
* * * LOW HITPOINT WARNING * * *
The orc barely misses your crimson imp.
The orc hits your quokka with a +0 hand axe.
Your quokka dies!
Your quokka's corpse disappears in a puff of smoke!
Your crimson imp hits the orc but does no damage.
Casting: Magic Dart (safe; 1% risk of failure)
Confirm with . or Enter, or press ? or * to list all spells.
The orc hits you with a +0 hand axe.
* * * LOW HITPOINT WARNING * * *
The orc hits your crimson imp with a +0 hand axe.
Your crimson imp blinks!
Unknown command.
Unknown command.
The orc throws a stone.
The stone misses you.
Unknown command.
Your crimson imp hits the orc but does no damage.
Unknown command.
Your crimson imp hits the orc.
The orc dies!
Your crimson imp blinks!
There is a stone staircase leading up here.
You start resting.
A dart slug comes into view.
Your crimson imp blinks!
The dart slug closely misses your rat.
Your crimson imp blinks!
Your rat bites the dart slug but does no damage.
Your rat bites the dart slug.
Your rat bites the dart slug.
The dart slug launches a dart at you. The slug dart hits you.
You die...

....... .......
....... ### ......
###.##### ##).....
##....##.###)..##.#.
#..@......#.........
#.......w..)........
##.......r...........
#........##..........
##...................
##.......5.#####.....
#..........# #....
###......... ....
###......... ...


You could see a dart slug (ally target), a friendly crimson imp (summoned) and a
friendly rat (summoned).

Vanquished Creatures
  A scorpion (D:4)
  A scorpion zombie (D:3)
  A centaur skeleton (D:3)
  Natasha (D:2)
  2 adders
  An adder skeleton (D:3)
  A worm (D:2)
  3 orcs (D:4)
  2 endoplasms (D:3)
  A giant cockroach (D:3)
  A goblin (D:3)
  2 hobgoblins
  4 jackals (D:1)
  6 ball pythons
  A ball python zombie (D:3)
  A bat (D:3)
  4 frilled lizards
  A jackal zombie (D:3)
  3 kobolds (D:1)
  A quokka skeleton (D:3)
  7 rats
45 creatures vanquished.

Vanquished Creatures (collateral kills)
  Natasha (twice) (D:2)
  An adder (D:3)
  An adder zombie (D:3)
  A worm (D:3)
  An orc (D:4)
  2 ball pythons (D:1)
  A hobgoblin (D:1)
  A rat (D:3)
10 creatures vanquished.

Grand Total: 55 creatures vanquished

Notes
Turn   | Place    | Note
-------+----------+-------------------------------------------
     0 | D:1      | BeingJoeMalik the Tengu Hedge Wizard began the quest for
                  | the Orb.
     0 | D:1      | Reached XP level 1. HP: 10/10 MP: 5/5
    88 | D:1      | Learned a level 1 spell: Summon Small Mammal
   572 | D:1      | Reached XP level 2. HP: 15/15 MP: 1/7
  1283 | D:1      | Found a faded altar of an unknown god.
  1457 | D:2      | You fall into a shaft and drop 1 floor!
  1492 | D:3      | Learned a level 2 spell: Call Imp
  1535 | D:3      | Identified the +0 leather armour "Ujuginek" {Str+5 Dex-3}
  1578 | D:3      | Reached XP level 3. HP: 19/19 MP: 8/8
  2161 | D:2      | Noticed Natasha
  2168 | D:2      | Killed Natasha
  2169 | D:2      | Reached XP level 4. HP: 17/24 MP: 9/9
  2319 | D:2      | Noticed Natasha
  2324 | D:2      | Killed Natasha
  2503 | D:2      | Noticed Natasha
  2510 | D:2      | Killed Natasha
  2569 | D:3      | Found a stormy altar of Qazlal.
  2669 | D:3      | Gained mutation: Your magical nature lets you fly swiftly
                  | and evasively. [Tengu growth]
  2669 | D:3      | Reached XP level 5. HP: 16/28 MP: 0/10
  2978 | D:3      | Reached skill level 5 in Conjurations
  3586 | D:4      | Reached skill level 5 in Summonings
  3586 | D:4      | Reached XP level 6. HP: 18/32 MP: 11/11
  3794 | D:4      | Learned a level 3 spell: Call Canine Familiar
  3798 | D:4      | Learned a level 3 spell: Mephitic Cloud
  3854 | D:4      | Killed from afar by a dart slug

Illustrated notes

Levels and vault maps discovered:
D:1:      dpeg_arrival_three_same_balls, layout_basic,
          ebering_ecumenical_altar_ruins
D:2:      layout_rooms, uniq_natasha
D:3:      layout_basic, mainiacjoe_overflow_concentric_impassable,
          serial_undead, serial_undead_c, serial_undead_b, serial_undead_a,
          serial_undead_d, serial_undead_e, serial_undead_e
D:4:      layout_cave_pools, zin_statuary, minmay_temple_entry_nine_rooms,
          ebering_ghost_reflecting_pool, minmay_misc_feat_encased

Skill      XL: |  1  2  3  4  5 |
---------------+----------------+-----
Conjurations   | 2 3 4 5 |  5.6
Summonings     | 2 3 4 5 |  5.2
Dodging        | |  2.1
Stealth        | |  2.0
Spellcasting   | |  3.0
Translocations | |  0.7

Action                   |  1- 3 |  4- 6 || total
-------------------------+-------+-------++-------
Melee: Dagger            |     8 |     1 ||     9
       Kick              |     2 |     1 ||     3
 Cast: Magic Dart        |    73 |    86 ||   159
       Summon Small Mamm |    15 |    23 ||    38
       Call Imp          |       |     1 ||     1
  Use: Potion            |     1 |       ||     1
       Scroll            |       |     9 ||     9
Armor: Robe              |     2 |     3 ||     5
Dodge: Dodged            |    18 |    21 ||    39
